 Dungeon Crawl Stone Soup version 0.31.0-12-g77e489cdc1 (webtiles) character file.

Game seed: 5772533573024143260

205 cdudytooty the Chiller (level 5, -2/38 HPs)
             Began as a Demigod Ice Elementalist on Feb 24, 2024.
             Slain by a killer bee (3 damage)
             ... on level 4 of the Dungeon.
             The game lasted 00:14:57 (3669 turns).

cdudytooty the Chiller (Demigod Ice Elementalist)   Turns: 3669, Time: 00:14:57

Health: -2/38      AC:  2    Str:  9    XL:     5   Next: 27%
Magic:  13/13      EV: 12    Int: 21    God:
Gold:   84         SH:  0    Dex: 14    Spells: 9/10 levels left

rFire   . . .        (no weapon)
rCold   . . .        j - orb {mayhem}
rNeg    . . .        a - +0 robe
rPois   .            (no helmet)
rElec   .            (no cloak)
rCorr   .            (no gloves)
SInv    .            (no boots)
Will    .....        (no amulet)
Stlth   ++           (no ring)
HPRegen 0.26/turn    (no ring)
MPRegen 0.13/turn

%: mayhem
@: lethally poisoned (-2 -> -16)
A: high MP 1, forlorn, divine attributes
a: no special abilities


You were on level 4 of the Dungeon.
You visited 1 branch of the dungeon, and saw 4 of its levels.

You collected 84 gold pieces.

Inventory:

Hand Weapons
 l - a +1 trident
Armour
 a - a +0 robe (worn)
 f - a +2 pair of gloves
 j - an orb of mayhem (worn)
Scrolls
 c - 2 scrolls of teleportation
 d - a scroll of enchant weapon
 e - a scroll of fear
Potions
 b - 4 potions of ambrosia {unknown}
 h - 2 potions of haste {unknown}
 i - 4 potions of curing {unknown}
 k - a potion of brilliance {unknown}
 m - a potion of magic


   Skills:
 + Level 1.8 Armour
 - Level 1.7 Dodging
 - Level 1.7 Stealth
 * Level 3.4 Spellcasting
 * Level 4.8 Ice Magic


You had 9 spell levels left.
You knew the following spells:

 Your Spells              Type           Power      Damage    Failure   Level
a - Freeze                Ice            92%        1d9       1%          1

Your spell library contained the following spells:

 Spells                   Type           Power      Damage    Failure   Level
 Frozen Ramparts          Ice            46%        1d7       5%          3
 Ozocubu's Armour         Ice            23%        N/A       5%          3
 Summon Ice Beast         Ice/Summ       13%        N/A       14%         3
 Animate Dead             Necr           3%         N/A       77%         4
 Borgnjor's Vile Clutch   Necr/Erth      1%         N/A       98%         5
 Death Channel            Necr           1%         N/A       100%        6


Dungeon Overview and Level Annotations

Branches:
Dungeon (4/15)
 Temple: D:4-7

Annotations:
D:2 1 runed translucent door, Crazy Yiuf, Sigmund
D:3 Grinder


Innate Abilities, Weirdness & Mutations

You have an increased reservoir of magic. (+10% MP)
You shall have no god before yourself.
Your divine heritage dramatically boosts your attributes as you level up.


Message History

The killer bee closely misses you. The killer bee stings you. x2
You are poisoned.
The killer bee poisons you!
You climb upwards.
Level annotation: Grinder You feel very sick.
There is a stone staircase leading down here.
You freeze the killer bee.
The killer bee is moderately wounded.
You feel sick. The killer bee misses you. The killer bee stings you.
You freeze the killer bee!
The killer bee is almost dead.
You feel sick. The killer bee closely misses you. x2
You freeze the killer bee.
You kill the killer bee!
You feel sick.
You have reached level 5!
You start resting.
You feel sick. x4
You are no longer poisoned.
You start resting.
Magic restored.
You start resting.
HP restored.
You climb downwards.
The killer bee stings you. The killer bee misses you.
The killer bee stings you. The killer bee closely misses you.
The killer bee misses you. The killer bee closely misses you.
The killer bee stings you. x2
There is a stone staircase leading up, spattered with blood here.
The killer bee misses you. The killer bee stings you!
* * * LOW HITPOINT WARNING * * *
You are poisoned.
The killer bee poisons you! The killer bee stings you.
* * * LOW HITPOINT WARNING * * *
You are more poisoned.
The killer bee poisons you! The killer bee misses you.
The killer bee closely misses you. The killer bee stings you!
* * * LOW HITPOINT WARNING * * *
The killer bee stings you.
You die...

###...#..##
###.........#
.........>.###
#.........y..
###........<...
...............
#...yyy......
#...@y......
######......
..... .... ...
##


You could see 5 killer bees.

Vanquished Creatures
  A killer bee (D:3)
  A bombardier beetle (D:3)
  4 adders
  2 ribbon worms (D:2)
  6 dart slugs
  2 orcs (D:3)
  4 giant cockroaches
  7 goblins
  9 hobgoblins
  5 jackals
  4 kobolds
  A quokka (D:3)
  7 ball pythons
  4 bats
  9 frilled lizards
  5 rats
71 creatures vanquished.

Vanquished Creatures (collateral kills)
  An orc (D:3)
  An endoplasm (D:3)
  A kobold (D:3)
3 creatures vanquished.

Grand Total: 74 creatures vanquished

Notes
Turn   | Place    | Note
-------+----------+-------------------------------------------
     0 | D:1      | cdudytooty the Demigod Ice Elementalist began the quest for
                  | the Orb.
     0 | D:1      | Reached XP level 1. HP: 14/14 MP: 5/5
   232 | D:1      | Reached XP level 2. HP: 20/20 MP: 4/7
   535 | D:1      | Reached skill level 4 in Ice Magic
   759 | D:1      | Reached XP level 3. HP: 25/26 MP: 7/9
   878 | D:1      | Reached skill level 1 in Armour
  1749 | D:2      | Found a runed translucent door.
  1750 | D:2      | Noticed Crazy Yiuf
  2156 | D:2      | Noticed Sigmund
  2330 | D:3      | Reached XP level 4. HP: 13/33 MP: 5/11
  3217 | D:3      | Noticed Grinder
  3596 | D:3      | Reached XP level 5. HP: 23/38 MP: 8/13
  3669 | D:4      | HP: 1/38 [killer bee (8)]
  3669 | D:4      | Slain by a killer bee

Illustrated notes

Levels and vault maps discovered:
D:1:      noname_arrival_rooms_in_the_neighbourhood, layout_basic,
          minmay_tree_intersection
D:2:      layout_basic, shapermc_ecumenical_altar_mp_vishouse, uniq_sigmund,
          uniq_crazy_yiuf_cottage
D:3:      minmay_chambers_of_threes, layout_basic, grunt_decor_junction,
          uniq_grinder
D:4:      layout_rooms, gammafunk_ghost_split

Skill      XL: |  1  2  3  4 |
---------------+-------------+-----
Spellcasting   | 2 3 |  3.4
Ice Magic      | 4 |  4.8
Armour         | 1 |  1.8
Dodging        | |  1.7
Stealth        | |  1.7

Action                     |  1- 3 |  4- 6 || total
---------------------------+-------+-------++-------
   Cast: Freeze            |    75 |    45 ||   120
    Use: Potion            |     1 |       ||     1
         Scroll            |     5 |     2 ||     7
 Armour: Robe              |    40 |    28 ||    68
  Dodge: Dodged            |    29 |    31 ||    60
